AoeStats
← BN27

Black Forest

507225455Analyzed
4v4 RM · 16d ago on Sep 17, 2026· 51m 56s· 8 players
Game mode
Random Map
Map size
Large (8 player)
Population
200
Speed
Normal
Resources
Standard
Victory
Conquest
Starting age
Dark Age
Ending age
Imperial Age
RankedLock teamsTeams togetherTeam positionsShared explorationLock speedFull tech treeHidden civsTurbo modeCheats
Victory
Defeat
🇯🇵 Tatars · Japan
1532
+17
🇳🇱 Ethiopians · Netherlands
1480
+19
🇹🇼 Lithuanians · Taiwan
1412
+22
🇩🇪 Japanese · Germany
1393
+22
🇨🇳 Bohemians · China
1609
-22
🇯🇵 Teutons · Japan
1569
-21
🇳🇿 Bulgarians · New Zealand
1542
-20
🇨🇳 Portuguese · China
1469
-17
pac.Padawan NL
12:09 Feudal Age
15:41 Castle Age
14:12 Double-Bit Axe
16:42 Bow Saw
19:37 Horse Collar
22:16 Heavy Plow
24:27 Gold Mining
24:58 Fishing Lines
26:15 Wheelbarrow
25:58 Gillnets
27:18 Hand Cart
30:01 Imperial Age
27:35 Scale Mail Armor
27:45 Forging
29:03 Gold Shaft Mining
28:46 Squires
29:02 Chain Mail Armor
30:12 Iron Casting
31:44 Chemistry
31:29 Conscription
30:57 Halberdier
32:11 Onager
33:56 Plate Mail Armor
34:14 Capped Ram
36:53 Blast Furnace
35:54 Siege Onager
38:29 Torsion Engines
37:55 Man-at-Arms
39:37 Siege Engineers
39:53 Ballistics
39:38 Caravan
41:45 Long Swordsman
43:23 Heavy Scorpion
45:29 Coinage
48:12 Two-Man Saw
47:10 Stone Mining
47:00 Siege Ram
49:07 Banking
49:56 Two-Handed Swordsman
偷偷
0:26 Loom
12:38 Feudal Age
16:13 Wheelbarrow
16:09 Double-Bit Axe
18:14 Horse Collar
20:09 Fishing Lines
25:31 Castle Age
23:50 Stone Mining
26:28 Gold Mining
26:46 Gillnets
27:32 Bow Saw
27:25 Heavy Plow
28:05 Hand Cart
30:28 Imperial Age
28:21 Scale Barding Armor
28:26 Forging
30:08 Hand Cart
31:04 Chain Barding Armor
31:38 Conscription
32:30 Plate Barding Armor
32:44 Crop Rotation
33:15 Two-Man Saw
32:14 Elite Leitis
33:36 Iron Casting
36:18 Stone Shaft Mining
40:05 Town Watch
44:26 Caravan
45:59 Bloodlines
45:51 Husbandry
46:37 Light Cavalry
48:56 Winged Hussar
god comic
10:41 Feudal Age
14:30 Castle Age
13:03 Horse Collar
13:12 Double-Bit Axe
13:22 Stone Mining
13:33 Horse Collar
14:18 Gold Mining
18:05 Forging
22:58 Heavy Plow
26:39 Wheelbarrow
26:56 Bow Saw
30:29 Imperial Age
28:37 Town Watch
29:05 Scale Barding Armor
29:56 Iron Casting
30:34 Chain Barding Armor
30:51 Hand Cart
32:49 Blast Furnace
33:29 Plate Barding Armor
33:13 Fletching
33:25 Padded Archer Armor
34:12 Crop Rotation
33:59 Bodkin Arrow
34:26 Ballistics
35:07 Chemistry
34:51 Padded Archer Armor
34:47 Bodkin Arrow
35:00 Siege Engineers
35:20 Conscription
35:08 Silk Armor
35:20 Heavy Cavalry Archer
36:25 Bracer
36:41 Leather Archer Armor
36:29 Husbandry
38:14 Guilds
41:17 Caravan
42:38 Elite Keshik
43:45 Bloodlines
42:57 Light Cavalry
44:24 Ring Archer Armor
44:19 Hussar
49:19 Timurid Siegecraft
BN27
1:52 Loom
12:22 Feudal Age
13:18 Horse Collar
13:24 Double-Bit Axe
15:21 Wheelbarrow
14:57 Man-at-Arms
16:15 Arson
16:40 Town Watch
22:09 Castle Age
21:20 Stone Mining
21:16 Fishing Lines
21:54 Fletching
23:06 Bodkin Arrow
23:40 Bow Saw
23:40 Guard Tower
24:36 Treadmill Crane
25:49 Gillnets
26:28 Fortified Wall
26:55 Gold Mining
27:36 Heavy Plow
28:32 Ballistics
32:04 Imperial Age
31:07 Gold Shaft Mining
31:24 Masonry
31:35 Careening
31:52 Scale Mail Armor
32:11 Yasama
32:35 Hand Cart
34:04 Two-Man Saw
33:27 Bracer
34:11 Keep
35:17 Chemistry
34:55 Murder Holes
35:10 Siege Engineers
35:30 Kataparuto
36:32 Squires
36:35 Bracer
36:52 Chain Mail Armor
37:26 Pikeman
37:52 Gambesons
37:28 Long Swordsman
40:51 Conscription
41:48 Hoardings
41:45 Plate Mail Armor
41:26 Forging
40:40 Elite Skirmisher
43:06 Halberdier
45:18 Caravan
46:48 Iron Casting
47:55 Elite Samurai
50:52 Blast Furnace
ImprovingYeti
0:42 Loom
10:15 Feudal Age
11:31 Double-Bit Axe
16:11 Fishing Lines
22:33 Castle Age
20:20 Horse Collar
23:04 Gillnets
23:29 Bow Saw
23:20 Heavy Plow
23:10 Gold Mining
23:11 Stone Mining
24:17 Wheelbarrow
24:27 Gold Shaft Mining
29:25 Imperial Age
26:27 Pikeman
27:23 Scale Mail Armor
27:34 Forging
28:11 Chain Mail Armor
28:44 Town Watch
30:43 Iron Casting
29:53 Capped Ram
29:57 Halberdier
31:13 Squires
32:02 Plate Mail Armor
30:59 Siege Ram
32:44 Gambesons
32:44 Arson
36:18 Iron Casting
36:47 Bagains
37:08 Conscription
38:45 Conscription
39:33 Blast Furnace
39:08 Fletching
42:31 Bodkin Arrow
44:12 Bracer
50:31 Hand Cart
seabed
0:34 Loom
12:54 Feudal Age
16:58 Castle Age
28:08 Double-Bit Axe
32:00 Bow Saw
37:18 Imperial Age
34:41 Horse Collar
36:23 Heavy Plow
37:22 Fishing Lines
37:47 Gold Mining
37:47 Stone Mining
39:10 Chemistry
38:26 Arquebus
38:47 Conscription
37:49 Elite Organ Gun
39:27 Scale Barding Armor
39:33 Forging
40:45 Padded Archer Armor
41:07 Chain Barding Armor
41:24 Iron Casting
41:00 Bloodlines
40:51 Husbandry
40:11 Cavalier
41:34 Wheelbarrow
42:13 Bombard Tower
41:37 Treadmill Crane
42:09 Masonry
42:41 Plate Barding Armor
43:07 Blast Furnace
45:05 Crop Rotation
45:09 Architecture
45:00 Ballistics
44:46 Light Cavalry
47:25 Hand Cart
47:39 Siege Engineers
47:55 Bombard Tower
48:32 Caravan
49:13 Fletching
Chicken Castle
12:22 Feudal Age
16:14 Castle Age
14:08 Fishing Lines
14:30 Double-Bit Axe
18:11 Wheelbarrow
18:57 Horse Collar
19:56 Heavy Plow
19:48 Gillnets
24:19 Gold Mining
24:20 Stone Mining
24:42 Bow Saw
27:19 Scale Barding Armor
27:24 Forging
29:48 Imperial Age
28:26 Hand Cart
28:21 Caravan
28:46 Chain Barding Armor
29:01 Iron Casting
29:53 Town Watch
29:54 Loom
31:22 Plate Barding Armor
31:52 Chemistry
31:55 Two-Man Saw
31:26 Crop Rotation
31:31 Bloodlines
30:42 Cavalier
32:25 Blast Furnace
32:39 Paladin
35:42 Conscription
38:04 Crenellations
37:35 Fletching
38:33 Bodkin Arrow
38:28 Pikeman
39:09 Squires
39:22 Scale Mail Armor
40:11 Hoardings
40:46 Chain Mail Armor
40:14 Halberdier
41:18 Siege Engineers
41:26 Masonry
42:14 Ironclad
42:56 Plate Mail Armor
43:31 Ballistics
43:36 Bombard Tower
45:12 Coinage
44:52 Guilds
44:46 Onager
44:53 Onager
48:02 Town Patrol
49:31 Fortified Wall
精锐 N B
12:07 Feudal Age
15:41 Castle Age
13:39 Double-Bit Axe
15:07 Fishing Lines
15:08 Horse Collar
22:36 Bow Saw
23:32 Gillnets
24:20 Fervor
25:30 Wheelbarrow
26:44 Hand Cart
26:48 Heavy Plow
30:53 Imperial Age
28:40 Careening
31:09 Imperial Age
29:31 Coinage
29:21 Devotion
29:25 Scale Mail Armor
29:36 Forging
29:22 Treadmill Crane
30:43 Chemistry
29:25 Treadmill Crane
30:06 Chain Mail Armor
30:21 Ballistics
30:11 Masonry
29:43 Treadmill Crane
30:14 Masonry
30:44 Iron Casting
31:12 Town Watch
31:13 Loom
31:54 Squires
31:39 Arson
31:14 Pikeman
31:29 Houfnice
31:45 Halberdier
33:22 Plate Mail Armor
33:53 Blast Furnace
35:00 Banking
35:12 Conscription
36:52 Siege Engineers
36:29 Treadmill Crane
36:56 Hussite Reforms
36:58 Wagenburg Tactics
46:14 Town Patrol
49:38 Man-at-Arms
Connection lost

Rejoining the realm…

Still unreachable

The connection could not be restored.

Session expired

The server has moved on; the page needs a fresh start.